AoeStats
← flajj

Nomad

509514287Analyzed
4v4 RM · 4d ago on Sep 27, 2026· 48m 37s· 8 players
Game mode
Random Map
Map size
231×231
Population
200
Speed
Normal
Resources
Standard
Victory
Conquest
Starting age
Dark Age
Ending age
Imperial Age
RankedLock teamsTeams togetherTeam positionsShared explorationLock speedFull tech treeHidden civsTurbo modeCheats
Victory
Defeat
🇧🇷 Dravidians · Brazil
1174
+14
🇺🇸 Saxons · United States
1147
+15
🇬🇧 Varangians · United Kingdom
1143
+15
🇺🇸 Danes · United States
1038
+19
🇭🇰 Huns · Hong Kong SAR China
1148
-17
🇳🇿 Portuguese · New Zealand
1132
-16
1118
-16
🇨🇳 Vietnamese · China
1088
-14
Gauss
14:56 Feudal Age
15:36 Double-Bit Axe
15:34 Horse Collar
19:50 Scale Barding Armor
19:55 Forging
19:58 Bloodlines
19:48 Gold Mining
23:21 Castle Age
24:07 Loom
24:25 Heavy Plow
24:38 Bow Saw
24:50 Husbandry
24:44 Stone Mining
26:43 Fletching
27:03 Town Watch
28:58 Wheelbarrow
31:11 Ballistics
34:23 Imperial Age
32:40 Marauders
32:44 Bodkin Arrow
33:21 Chain Barding Armor
34:38 Gold Shaft Mining
34:20 Murder Holes
34:49 Padded Archer Armor
35:12 Bracer
36:03 Parthian Tactics
37:18 Chemistry
39:12 Plate Barding Armor
39:32 Leather Archer Armor
39:32 Masonry
40:59 Iron Casting
40:55 Heavy Cavalry Archer
43:16 Conscription
captincrofty
6:00 Loom
6:37 Loom
15:25 Feudal Age
16:18 Gold Mining
17:38 Double-Bit Axe
17:35 Horse Collar
20:13 Castle Age
20:49 Horse Collar
21:23 Bow Saw
21:04 Stone Mining
22:54 Fishing Lines
24:37 Wheelbarrow
25:01 Heavy Plow
25:39 Stone Shaft Mining
26:07 Hand Cart
26:56 Medium Warships
30:39 Gillnets
32:20 Fletching
36:02 Bodkin Arrow
36:08 Padded Archer Armor
36:09 Elite Skirmisher
38:28 Leather Archer Armor
40:47 Thumb Ring
本絞りレモン果汁12%
6:13 Loom
14:51 Feudal Age
18:43 Castle Age
16:54 Double-Bit Axe
17:32 Fishing Lines
19:00 Wheelbarrow
19:03 Gold Mining
20:30 Bow Saw
21:12 Fletching
28:49 Ballistics
32:47 Imperial Age
31:03 Hand Cart
31:42 Gillnets
34:41 Chemistry
34:16 Elite Longship
40:23 Two-Man Saw
39:33 Horse Collar
41:05 Elite Jarl
42:31 Conscription
42:48 Forging
42:38 Scale Mail Armor
42:44 Scale Barding Armor
48:34 Bodkin Arrow
阿森
5:48 Loom
14:11 Feudal Age
17:36 Fishing Lines
19:13 Double-Bit Axe
23:54 Castle Age
24:02 Fletching
24:44 Bodkin Arrow
24:14 Elite Skirmisher
24:53 Horse Collar
25:06 Gillnets
25:42 Heavy Plow
25:53 Bow Saw
26:39 Ballistics
27:13 Padded Archer Armor
29:30 Wheelbarrow
29:53 Leather Archer Armor
32:11 Hand Cart
31:43 Town Watch
33:50 Thumb Ring
38:43 Imperial Age
36:09 Pikeman
40:57 Chemistry
40:13 Elite Rattan Archer
44:10 Two-Man Saw
oogaboogawherdayat
4:35 Loom
14:41 Feudal Age
16:11 Double-Bit Axe
18:05 Fletching
20:30 Castle Age
18:40 Fishing Lines
19:12 Stone Mining
19:43 Town Watch
20:42 Gold Mining
22:12 Wheelbarrow
22:40 Bow Saw
23:31 Gillnets
25:24 Horse Collar
27:27 Ballistics
32:55 Imperial Age
31:19 Bodkin Arrow
31:24 Scale Mail Armor
31:34 Forging
33:36 Hand Cart
35:04 Chain Mail Armor
35:39 Conscription
35:58 Masonry
36:49 Chemistry
36:05 Bracer
38:37 Plate Mail Armor
38:29 Squires
39:57 Architecture
40:16 Iron Casting
39:53 Shield Wall
41:57 Elite Varangian Guard
42:39 Pikeman
44:33 Arson
45:07 Elite Hearth Troop
flajj
4:50 Loom
13:31 Feudal Age
16:54 Double-Bit Axe
17:35 Man-at-Arms
18:17 Scale Mail Armor
20:52 Fletching
21:14 Forging
22:21 Gold Mining
22:12 Horse Collar
24:38 Castle Age
23:46 Arson
25:30 Medium Warships
25:57 Wheelbarrow
25:51 Town Watch
26:37 Fishing Lines
26:41 Long Swordsman
27:22 Squires
27:09 Gambesons
36:09 Imperial Age
34:02 Careening
36:46 Hand Cart
36:26 Gillnets
37:27 Heavy Warships
37:26 Clinker Construction
39:02 Gold Shaft Mining
38:07 Two-Handed Swordsman
40:31 Champion
41:50 Chain Mail Armor
42:22 Iron Casting
42:05 Bodkin Arrow
44:43 Ballistics
44:35 Masonry
45:23 Town Patrol
46:46 Chemistry
48:50 Blast Furnace
48:27 Plate Mail Armor
49:24 Conscription
Scott678
12:02 Loom
16:01 Feudal Age
16:34 Fishing Lines
17:19 Double-Bit Axe
22:38 Castle Age
23:04 Wheelbarrow
22:51 Scale Barding Armor
22:57 Forging
22:31 Horse Collar
24:14 Medium Warships
25:54 Hand Cart
27:55 Chain Barding Armor
28:11 Iron Casting
27:37 Gillnets
28:03 Fletching
29:37 Bloodlines
31:26 Bodkin Arrow
33:16 Padded Archer Armor
40:22 Heavy Plow
43:29 Leather Archer Armor
45:51 Imperial Age
43:32 Elite Skirmisher
45:48 Husbandry
47:09 Plate Barding Armor
48:46 Blast Furnace
47:51 Cavalier
49:28 Conscription
HATamaTAH
4:35 Loom
13:12 Feudal Age
18:49 Castle Age
19:35 Double-Bit Axe
19:35 Horse Collar
19:48 Gold Mining
21:29 Heavy Plow
24:58 Bow Saw
25:58 Stone Mining
29:18 Imperial Age
28:14 Fletching
28:46 Ballistics
29:34 Wheelbarrow
28:59 Bodkin Arrow
29:26 Elite Elephant Archer
31:08 Two-Man Saw
30:13 Padded Archer Armor
31:05 Bracer
32:26 Chemistry
31:49 Thumb Ring
32:40 Leather Archer Armor
32:44 Medical Corps
33:01 Conscription
32:05 Man-at-Arms
32:08 Pikeman
33:45 Hand Cart
36:45 Ring Archer Armor
38:05 Masonry
38:44 Elite Urumi Swordsman
42:05 Scale Mail Armor
42:16 Forging
43:49 Chain Mail Armor
43:21 Arson
43:37 Squires
43:23 Gambesons
47:18 Plate Mail Armor
48:57 Hoardings
Connection lost

Rejoining the realm…

Still unreachable

The connection could not be restored.

Session expired

The server has moved on; the page needs a fresh start.